 Dungeon Crawl Stone Soup version 0.31-a0-986-g5e6e4ef867 (webtiles) character file.

Game seed: 9966408329389892972

43446 serber55 the Frost Mage (level 13, 0/106 HPs)
             Began as a Demonspawn Ice Elementalist on Nov 14, 2023.
             Was an Initiate of Gozag.
             Slain by a skyshark (7 damage)
             ... on level 4 of the Lair of Beasts.
             The game lasted 01:13:42 (15626 turns).

serber55 the Frost Mage (DsIE)                     Turns: 15626, Time: 01:13:43

Health: 0/106      AC: 17    Str: 11    XL:     13   Next: 90%
Magic:  19/27      EV: 18    Int: 24    God:    Gozag
Gold:   2459       SH:  0    Dex: 17    Spells: 5/32 levels left

rFire   + . .        j - +7 broad axe of Springtime {heavy, Dex+2}
rCold   x . .        x - orb {light}
rNeg    + + +        k - +2 robe {rN+}
rPois   +            h - +2 hat
rElec   +            M - +1 cloak
rCorr   .            F - +5 pair of gloves of Inaction {rC- Str+2 Int+2}
SInv    .            l - +0 pair of boots
Will    .....        g - amulet of magic regeneration
Stlth   +            J - ring "Aloth" {rElec rPois rN+}
HPRegen 0.37/turn    y - ring of Jobefadi {rF+ rN+ Dex+4}
MPRegen 0.60/turn

%: no passive effects
@: freezing walls, very slightly contaminated, glowing
A: hooves 2, slimy green scales 1, powered by death 2, demonic magic 2, clumsy
1, inability to drink after injury 1, MP-powered wands
a: Renounce Religion, Potion Petition, Call Merchant, Bribe Branch


You were on level 4 of the Lair of Beasts.
You worshipped Gozag.
Gozag was most pleased with you.
You visited 3 branches of the dungeon, and saw 15 of its levels.
You also visited: Sewer, Ossuary and Bailey.

You collected 4698 gold pieces.
You spent 1156 gold pieces at shops.
You paid 1083 gold pieces to Gozag.

Inventory:

Hand Weapons
 a - the +7 mace of Qecul {flame, rPois rF- rN+}
   (You found it on level 1 of the Lair of Beasts)

   rF-:       It makes you vulnerable to fire.
   rPois:     It protects you from poison rN+: It protects you from negative
   energy.
 j - the +7 broad axe of Springtime (weapon) {heavy, Dex+2}
   (You found it in a bailey)

   Dex+2:     It affects your dexterity (+2).
Missiles
 o - a throwing net
 p - 6 atropa-tipped darts
 s - 44 poisoned darts (quivered)
Armour
 h - a +2 hat (worn)
 k - a +2 robe of positive energy (worn)
 l - a +0 pair of boots (worn)
 x - an orb of light (worn)
 F - the +5 pair of gloves of Inaction (worn) {rC- Str+2 Int+2}
   (You bought it in a shop on level 9 of the Dungeon)

   Str+2:     It affects your strength (+2).
   Int+2:     It affects your intelligence (+2).
   rC-:       It makes you vulnerable to cold.
 M - a +1 cloak (worn)
Jewellery
 g - an amulet of magic regeneration (around neck)
 y - the ring of Jobefadi (right hand) {rF+ rN+ Dex+4}
   (You acquired it in a bailey)

   [ring of protection from fire]

   Dex+4:     It affects your dexterity (+4).
   rF+:       It protects you from fire.
   rN+:       It protects you from negative energy.
 J - the ring "Aloth" (left hand) {rElec rPois rN+}
   (You bought it in a shop on level 9 of the Dungeon)

   [ring of positive energy]

   rElec:     It insulates you from electricity.
   rPois:     It protects you from poison rN+: It protects you from negative
   energy.
Wands
 q - a wand of mindburst (3)
 v - a wand of flame (12)
 D - a wand of light (16)
 E - a wand of iceblast (2)
 H - a wand of digging (5)
 K - a wand of paralysis (6)
Scrolls
 d - 3 scrolls of blinking
 e - a scroll of silence
 t - 7 scrolls of fear
 A - a scroll of summoning
 B - 2 scrolls of vulnerability
 C - a scroll of poison
 G - a scroll of noise
 I - 2 scrolls of identify
 L - a scroll of brand weapon
 O - 3 scrolls of torment
Potions
 b - 6 potions of magic
 c - 4 potions of heal wounds
 f - 4 potions of haste
 i - 9 potions of curing
 m - a potion of invisibility
 n - 2 potions of resistance
 r - 2 potions of berserk rage
 u - 5 potions of attraction
 w - 5 potions of brilliance
 z - 3 potions of lignification
Miscellaneous
 N - a phantom mirror


   Skills:
 + Level 11.1 Fighting
 + Level 10.4 Dodging
 - Level 1.7 Stealth
 + Level 10.4 Spellcasting
 * Level 14.6 Ice Magic


You had 5 spell levels left.
You knew the following spells:

 Your Spells              Type           Power      Damage    Failure   Level
a - Freeze                Ice            100%       1d10      0%          1
b - Frozen Ramparts       Ice            100%       1d16      1%          3
c - Ozocubu's Armour      Ice            70%        N/A       1%          3
d - Summon Ice Beast      Ice/Summ       47%        N/A       2%          4
e - Ozocubu's Refrigerat  Ice            35%        4d15      11%         7
f - Polar Vortex          Ice            35%        12d4*     100%        9

Your spell library contained the following spells:

 Spells                   Type           Power      Damage    Failure   Level
 Summon Small Mammal      Summ           48%        N/A       4%          1
 Scorch                   Fire           24%        2d6       8%          2
 Ignite Poison            Fire/Tmut/Pois 12%        N/A       16%         3
 Volatile Blastmotes      Fire/Tloc      24%        2d12      16%         3
 Flame Wave               Conj/Fire      12%        2d6       45%         4
 Fulminant Prism          Conj/Hex       6%         3d7       45%         4
 Iskenderun's Mystic Bla  Conj/Tloc      12%        2d5       45%         4
 Sticky Flame             Conj/Fire      12%        2d4       45%         4
 Summon Forest            Summ/Tloc      6%         N/A       80%         5
 Summon Mana Viper        Hex/Summ       12%        N/A       80%         5
 Summon Cactus Giant      Summ           6%         N/A       100%        6
 Ignition                 Fire           6%         3d4       100%        8
 Simulacrum               Ice/Necr       Unusable   N/A       N/A         6

Dungeon Overview and Level Annotations

Branches:
Dungeon (10/15)            Temple (1/1) D:4            Lair (4/5) D:9
  Swamp (0/4) Lair:3        Snake (0/4) Lair:3        Sewer (visited)
Ossuary (visited)          Bailey (visited)
  Slime: Lair:4-5       Orc: D:9-12

Altars:
Ashenzari
Cheibriados
Dithmenos
Fedhas
Gozag
Hepliaklqana
Kikubaaqudgha
Makhleb
Nemelex Xobeh
Okawaru
Qazlal
Ru
Sif Muna
Trog
Uskayaw
Vehumet
Wu Jian
Xom
Yredelemnul

Shops:
D:9 [=

Portals:
Abyss: Lair:2

Annotations:
Lair:2 2 transporters, Elucviw's ghost, journeyman MiFi


Innate Abilities, Weirdness & Mutations

You have hoof-like feet.
You are partially covered in slimy green scales. (AC +2)
You regenerate health from kills.
Spells you cast may paralyse nearby enemies.
You are clumsy. (Dex -2)
You occasionally lose the ability to drink potions when taking damage.
You expend magic power (3 MP) to strengthen your wands.


Message History

The walls around you are covered in ice.
Malevolent energies surge around you.
The wall freezes the skyshark!
The skyshark closely misses you. The skyshark tail-slaps you!
The skyshark misses you.
You barely miss the skyshark.
The skyshark is heavily wounded.
The wall freezes the skyshark.
The skyshark bites you!! The skyshark misses you.
The skyshark barely misses you.
The wall freezes the skyshark.
The skyshark bites you! The skyshark completely misses you.
The skyshark tail-slaps you but does no damage.
The wall freezes the skyshark but does no damage.
The skyshark completely misses you. The skyshark closely misses you.
The skyshark tail-slaps you but does no damage.
The wall freezes the skyshark but does no damage.
The skyshark bites you!
The skyshark tail-slaps you but does no damage.
The skyshark closely misses you.
Casting: Frozen Ramparts (safe; 1% risk of failure)
Confirm with . or Enter, or press ? or * to list all spells.
Aiming: Freeze (safe; 0% risk of failure)
Press: ? - help, Shift-Dir - straight line, f - skyshark
Aim: a skyshark (heavily wounded, berserk, haloed)
You freeze the skyshark!
The skyshark is heavily wounded.
The skyshark seems to slow down.
Malevolent energies surge around you.
The wall freezes the skyshark.
The skyshark seems to slow down.
The skyshark bites you!!
The skyshark tail-slaps you but does no damage.
The skyshark completely misses you.
Casting: Freeze (safe; 0% risk of failure)
Confirm with . or Enter, or press ? or * to list all spells.
You miscast Ozocubu's Refrigeration.
You are very lightly contaminated with residual magic.
A chill runs through your body!!
You feel a terrible chill!
* * * LOW HITPOINT WARNING * * *
The wall freezes the skyshark!
The skyshark seems to slow down.
The skyshark bites you!
You die...
Your body crumbles into a pile of gold.

##.....#......#
#.....#......##
##.....#.....#
#............#
##....###....#
#......##.....#
#......##.....#
##.....# .....#
#...@.# ....#
#...l## #.....
#.......
##.......
.........
##..###.#.. ###
#####


You could see a skyshark (berserk, slow).

Vanquished Creatures
  Gastronok (Lair:1)
  Josephine (D:10)
  Erolcha (D:10)
  A hydra (Lair:3)
  Erica (Lair:1)
  A two-headed ogre (D:10)
  A boulder beetle (Lair:2)
  2 skysharks
  Amaemon (Lair:3)
  A bog body (Lair:3)
  An orc knight (Bailey)
  3 black mambas
  Maggie (D:8)
  10 elephants (Lair:4)
  An orange demon (Lair:3)
  11 cane toads
  2 unseen horrors
  9 rime drakes
  8 komodo dragons
  A polar bear (Lair:4)
  A hornet (Lair:2)
  11 blink frogs
  Sigmund (D:2)
  2 shadows
  4 wraiths
  10 wyverns
  47 yaks
  2 basilisks
  A steam dragon (D:6)
  2 vampire mosquitoes (D:10)
  Menkaure (D:5)
  An acid dragon (D:10)
  17 water moccasins
  2 ice beasts
  2 black bears (D:4)
  10 orc warriors
  A sky beast (D:6)
  3 wolves (Lair:3)
  4 centaurs
  4 ogres
  3 phantoms
  3 kobold brigands
  9 bullfrogs
  A scorpion (D:4)
  11 wights
  A howler monkey (D:9)
  9 orc priests
  A gnoll bouda (D:6)
  3 jellies
  3 hounds
  Terence (D:3)
  5 iguanas
  Natasha (thrice) (D:2)
  2 sleepcaps
  Ijyb (D:5)
  6 orc wizards
  6 hell rats (Lair:2)
  2 scorpion zombies (D:8)
  A killer bee zombie (D:8)
  A mummy (Ossuary)
  4 howler monkey skeletons (D:8)
  6 gnolls
  13 adders
  A river rat (D:4)
  2 white imps
  2 ufetubi (D:6)
  7 worms
  4 dart slugs
  28 orcs
  6 endoplasms
  3 giant cockroaches
  11 goblins
  2 hobgoblins (D:4)
  5 quokkas
  7 ball pythons
  4 bats
  2 bat simulacra (Ossuary)
  A frilled lizard (D:3)
  10 gnoll zombies (Ossuary)
  2 goblin simulacra (Ossuary)
  7 goblin zombies (Ossuary)
  20 kobolds
  3 kobold zombies (Ossuary)
  6 orc zombies (Ossuary)
  9 rats
  3 spectral goblins (Ossuary)
  A spectral kobold (Ossuary)
  6 spectral rats (Ossuary)
431 creatures vanquished.

Vanquished Creatures (collateral kills)
  A catoblepas (Lair:4)
  A bog body (Lair:3)
  A black mamba (Lair:4)
  An elephant (Lair:4)
  A polar bear (Lair:4)
  8 yaks
  3 water moccasins (Lair:3)
  A phantom (D:7)
  A bullfrog (Lair:3)
  2 wights
  A white imp (D:7)
  5 orcs
  2 gnoll zombies (Ossuary)
  3 bat simulacra (Ossuary)
  2 goblin simulacra (Ossuary)
  A goblin zombie (Ossuary)
  A hobgoblin zombie (Ossuary)
  4 kobold simulacra (Ossuary)
  A rat simulacrum (Ossuary)
40 creatures vanquished.

Grand Total: 471 creatures vanquished

Notes
Turn   | Place    | Note
-------+----------+-------------------------------------------
     0 | D:1      | serber55 the Demonspawn Ice Elementalist began the quest
                  | for the Orb.
     0 | D:1      | Reached XP level 1. HP: 13/13 MP: 3/3
   209 | D:1      | Gained mutation: You regenerate a little health from kills.
                  | [demonic ancestry]
   209 | D:1      | Reached XP level 2. HP: 20/20 MP: 0/5
   828 | D:2      | Identified the "Sahut"
   912 | D:2      | Reached skill level 4 in Ice Magic
   954 | D:2      | Reached skill level 1 in Fighting
   991 | D:2      | Found a faded altar of an unknown god.
  1121 | D:2      | Gained mutation: You have large cloven feet. [demonic
                  | ancestry]
  1121 | D:2      | Reached XP level 3. HP: 26/26 MP: 6/6
  1302 | D:2      | Learned a level 3 spell: Frozen Ramparts
  1324 | D:2      | Noticed Natasha
  1331 | D:2      | Killed Natasha
  1446 | D:2      | Reached XP level 4. HP: 21/32 MP: 4/7
  1505 | D:2      | Noticed Sigmund
  1511 | D:2      | Learned a level 3 spell: Ozocubu's Armour
  1531 | D:2      | Killed Sigmund
  1532 | D:2      | Gained mutation: Spells you cast may paralyse adjacent
                  | enemies. [demonic ancestry]
  1532 | D:2      | Reached XP level 5. HP: 38/38 MP: 1/9
  1614 | D:2      | Noticed Natasha
  1622 | D:2      | Killed Natasha
  1623 | D:2      | Reached skill level 5 in Ice Magic
  1689 | D:2      | Reached XP level 6. HP: 45/45 MP: 8/10
  1703 | D:2      | Noticed Natasha
  1710 | D:2      | Killed Natasha
  1812 | D:3      | Noticed Terence
  1828 | D:3      | Killed Terence
  1919 | D:3      | Found a shimmering altar of Xom.
  2385 | D:4      | Found a staircase to the Ecumenical Temple.
  2395 | D:4      | Found a glowing drain.
  2413 | Sewer    | Entered a sewer
  2551 | Sewer    | Reached XP level 7. HP: 51/52 MP: 12/12
  2592 | Sewer    | Gained mutation: Your muscles are strong. (Str +4, Int/Dex
                  | -1) [potion of mutation]
  2592 | Sewer    | Gained mutation: You are covered in fur. (AC +1) [potion of
                  | mutation]
  2592 | Sewer    | Gained mutation: You are clumsy. (Dex -2) [potion of
                  | mutation]
  2592 | Sewer    | Gained mutation: Your flesh is cold resistant. (rC+)
                  | [potion of mutation]
  2593 | Sewer    | Lost mutation: Your flesh is cold resistant. (rC+) [potion
                  | of mutation]
  2593 | Sewer    | Lost mutation: You are clumsy. (Dex -2) [potion of
                  | mutation]
  2593 | Sewer    | Lost mutation: Your muscles are strong. (Str +4, Int/Dex
                  | -1) [potion of mutation]
  2593 | Sewer    | Gained mutation: You sometimes lose your temper in combat.
                  | [potion of mutation]
  2593 | Sewer    | Gained mutation: You are partially covered in large bone
                  | plates. (SH +4) [potion of mutation]
  2594 | Sewer    | Lost mutation: You sometimes lose your temper in combat.
                  | [potion of mutation]
  2594 | Sewer    | Lost mutation: You are covered in fur. (AC +1) [potion of
                  | mutation]
  2594 | Sewer    | Lost mutation: You are partially covered in large bone
                  | plates. (SH +4) [potion of mutation]
  2594 | Sewer    | Gained mutation: You expend magic power (3 MP) to
                  | strengthen your wands. [potion of mutation]
  2594 | Sewer    | Gained mutation: You have hidden genetic defects. [potion
                  | of mutation]
  2801 | Temple   | Entered the Ecumenical Temple
  2815 | Temple   | Became a worshipper of Gozag Ym Sagoz the Greedy
  2946 | D:4      | Gained mutation: You occasionally lose the ability to drink
                  | potions when taking damage. [hidden defects]
  3009 | D:4      | Reached skill level 6 in Ice Magic
  3084 | D:4      | Gained mutation: You are clumsy. (Dex -2) [hidden defects]
  3084 | D:4      | Lost mutation: You have hidden genetic defects. [hidden
                  | defects expressed]
  3089 | D:4      | Learned a level 4 spell: Summon Ice Beast
  3771 | D:5      | Entered Level 5 of the Dungeon
  3813 | D:5      | Noticed Ijyb
  3999 | D:5      | Killed Ijyb
  4029 | D:5      | Gained mutation: You are partially covered in slimy green
                  | scales. (AC +2) [demonic ancestry]
  4029 | D:5      | Reached XP level 8. HP: 41/60 MP: 7/14
  4379 | D:5      | Reached skill level 7 in Ice Magic
  4513 | D:5      | Noticed Menkaure
  4545 | D:5      | Killed Menkaure
  4733 | D:5      | Reached skill level 5 in Dodging
  4733 | D:5      | Reached skill level 5 in Spellcasting
  5091 | D:6      | Found Zin's Purification Station.
  5097 | D:6      | Bought a potion of curing for 90 gold pieces
  5110 | D:6      | Reached skill level 5 in Fighting
  5110 | D:6      | Gained mutation: You have hoof-like feet. [demonic
                  | ancestry]
  5110 | D:6      | Reached XP level 9. HP: 68/68 MP: 12/16
  5266 | D:6      | Reached skill level 8 in Ice Magic
  5328 | D:6      | Found an ancient bone altar of Kikubaaqudgha.
  6229 | D:7      | Reached skill level 9 in Ice Magic
  6252 | D:7      | Found a flagged portal.
  6258 | Bailey   | Entered a bailey
  6559 | Bailey   | Reached XP level 10. HP: 54/76 MP: 14/19
  6716 | Bailey   | Identified the +7 broad axe of Springtime {heavy, Dex+2}
  6719 | Bailey   | Noticed an orc knight
  6737 | Bailey   | Killed an orc knight
  6827 | Bailey   | Acquired the ring of Jobefadi {rF+ rN+ Dex+4}
  7449 | D:8      | Found a sand-covered staircase.
  7473 | Ossuary  | Entered an ossuary
  8431 | D:8      | Found a stormy altar of Qazlal.
  8444 | D:8      | Found an ornate altar of the Wu Jian Council.
  8478 | D:8      | Noticed Maggie
  8485 | D:8      | Killed Maggie
  8486 | D:8      | Reached skill level 10 in Ice Magic
  8988 | D:9      | Gained mutation: You regenerate health from kills. [demonic
                  | ancestry]
  8988 | D:9      | Reached XP level 11. HP: 49/84 MP: 18/21
  9073 | D:9      | Found a staircase to the Lair.
  9298 | D:9      | Found Pufaes's Armour Emporium.
  9306 | D:9      | Bought the +5 pair of gloves of Inaction {rC- Str+2 Int+2}
                  | for 379 gold pieces
  9609 | D:10     | Entered Level 10 of the Dungeon
  9779 | D:10     | Noticed a two-headed ogre
  9790 | D:10     | Killed a two-headed ogre
  9791 | D:10     | Reached skill level 11 in Ice Magic
  9888 | D:10     | Noticed Erolcha
  9895 | D:10     | Killed Erolcha
 10027 | D:10     | Noticed Josephine
 10034 | D:10     | Killed Josephine
 10270 | D:9      | Bought the ring "Aloth" {rElec rPois rN+} for 687 gold
                  | pieces
 10798 | Lair:1   | Entered Level 1 of the Lair of Beasts
 10823 | Lair:1   | Noticed Gastronok
 10839 | Lair:1   | Killed Gastronok
 10955 | Lair:1   | Identified the +0 scale mail "Sijekeoc" {rPois rF+}
 10995 | Lair:1   | Reached skill level 12 in Ice Magic
 10998 | Lair:1   | Gained mutation: Spells you cast may paralyse nearby
                  | enemies. [demonic ancestry]
 10998 | Lair:1   | Reached XP level 12. HP: 82/94 MP: 22/24
 11098 | Lair:1   | Noticed Erica
 11111 | Lair:1   | Killed Erica
 11218 | Lair:1   | Identified the +1 leather armour of Asceticism {rN+ Regen+}
 11460 | Lair:1   | Identified the +7 mace of Qecul {flame, rPois rF- rN+}
 12122 | Lair:2   | Noticed a boulder beetle
 12165 | Lair:2   | Killed a boulder beetle
 12198 | Lair:2   | Found a one-way gate to the infinite horrors of the Abyss.
 12198 | Lair:2   | Noticed Elucviw's ghost (journeyman MiFi)
 12286 | Lair:2   | Reached skill level 13 in Ice Magic
 12412 | Lair:2   | Found a transporter.
 12424 | Lair:2   | Found a transporter.
 13189 | Lair:2   | Reached skill level 10 in Fighting
 13210 | Lair:2   | Reached XP level 13. HP: 92/103 MP: 26/26
 13436 | Lair:3   | Found a staircase to the Snake Pit.
 13498 | Lair:3   | Learned a level 7 spell: Ozocubu's Refrigeration
 13508 | Lair:3   | Learned a level 9 spell: Polar Vortex
 13552 | Lair:3   | Noticed Amaemon
 13562 | Lair:3   | Killed Amaemon
 14039 | Lair:3   | Found a staircase to the Swamp.
 14048 | Lair:3   | Reached skill level 14 in Ice Magic
 14264 | Lair:3   | Reached skill level 10 in Dodging
 14264 | Lair:3   | Reached skill level 10 in Spellcasting
 15083 | Lair:4   | Identified the +4 hand axe "Yfokaciz" {antimagic, rF+ Will+
                  | Int+3 Dex+4}
 15626 | Lair:4   | Slain by a skyshark

Illustrated notes

Levels and vault maps discovered:
D:1:      dpeg_arrival_three_same_balls, layout_basic
D:2:      kennysheep_big_flooded_room, layout_basic,
          shapermc_ecumenical_altar_rom_forum, dk_noncrumbling_3, uniq_natasha,
          uniq_sigmund
D:3:      layout_rooms, mainiacjoe_overflow_chevrons, amcnicky_altar_gilded,
          amcnicky_mini_pool_small, uniq_terence
D:4:      layout_gridville, minmay_temple_entry_ruins, portal_sewer_entry_b
D:5:      layout_loops_cross, uniq_ijyb, uniq_menkaure
D:6:      layout_basic, mainiacjoe_overflow_six_doors_small, zin_purify
D:7:      layout_cave_pools, enter_bailey_3, uniq_crazy_yiuf_cottage
D:8:      layout_loops_ring, pdpol_wu_jian_five_deadly_venoms,
          mainiacjoe_overflow_cross_hatched,
          mainiacjoe_ossuary_entry_find_the_door, uniq_maggie
D:9:      layout_roguey, minmay_lair_entry_grove, serial_shops,
          nicolae_square_shop
D:10:     layout_irregular_city, uniq_erolcha, uniq_josephine
Temple:   nicolae_temple_slightly_damp_pantheon
Lair:1:   layout_loops_ring, uniq_gastronok, uniq_erica
Lair:2:   layout_roguey, gammafunk_ghost_abyssal_escape, beast_lair_carwin_6,
          infiniplex_staircase_pool_2
Lair:3:   layout_long_grid, skrybe_swamp_entry_bodies,
          minmay_snake_entry_six_corridors, lemuel_fruit_tree,
          grunt_megastairs_2, uniq_amaemon
Lair:4:   layout_long_grid, minmay_lair_drake_nest, infiniplex_staircase_pool

Skill      XL: |  1  2  3  4  5  6  7  8  9 10 11 12 13 |
---------------+----------------------------------------+-----
Dodging        | 2 3 4 5 6 7 8 9 10 | 10.4
Ice Magic      | 4 5 6 7 9 10 12 13 14 | 14.6
Fighting       | 1 2 3 5 6 7 8 10 11 | 11.1
Spellcasting   | 3 4 5 6 7 8 9 10 | 10.4
Stealth        | |  1.7

Action                     |  1- 3 |  4- 6 |  7- 9 | 10-12 | 13-15 || total
---------------------------+-------+-------+-------+-------+-------++-------
  Melee: Short sword       |    20 |       |       |       |       ||    20
         Falchion          |    20 |    58 |   127 |       |       ||   205
         Punch             |       |     3 |       |     4 |       ||     7
         Spear             |       |       |    24 |    20 |       ||    44
         Broad axe         |       |       |       |   246 |   101 ||   347
  Throw: Dart              |       |       |     8 |    12 |     1 ||    21
   Cast: Freeze            |    45 |    16 |    43 |    34 |     6 ||   144
         Frozen Ramparts   |     1 |    19 |    50 |    71 |    27 ||   168
         Ozocubu's Armour  |       |    12 |    36 |    53 |    17 ||   118
         Summon Ice Beast  |       |       |     5 |    15 |     9 ||    29
         Ozocubu's Refrige |       |       |       |       |    10 ||    10
 Invoke: Potion Petition   |       |       |     1 |       |       ||     1
         Call Merchant     |       |       |       |     1 |       ||     1
  Evoke: Wand              |       |       |    12 |    22 |     5 ||    39
    Use: Potion            |       |     3 |     4 |     2 |       ||     9
         Scroll            |       |     7 |     7 |     8 |     2 ||    24
   Stab: Sleeping          |     4 |       |     1 |    11 |       ||    16
         Paralysed         |       |     9 |    42 |    32 |     9 ||    92
         Distracted        |       |       |       |     2 |     1 ||     3
         Petrified         |       |       |       |       |     2 ||     2
         Petrifying        |       |       |       |       |     1 ||     1
 Armour: Robe              |    42 |    24 |   127 |   253 |   180 ||   626
  Dodge: Dodged            |    44 |    34 |   115 |   311 |   181 ||   685

Table legend: (Time is in decaauts)
 A = Elapsed time spent in this place.
 B = Non-inter-level travel time spent in this place.
 C = Inter-level travel time spent in this place.
 D = Time resting spent in this place.
 E = Time spent auto-exploring this place.
 F = Levels seen in this place.
 G = Mean time per level.
                   A        B        C        D        E       F      G
               +--------+--------+--------+--------+--------+-----+--------+
         Total |  16253 |  15652 |    601 |   2298 |   8715 |  18 |  902.9 |
       Dungeon |   9546 |   9056 |    490 |   1074 |   5728 |  10 |  954.6 |
        Temple |     28 |      2 |     26 |      0 |      0 |   1 |   28.0 |
          Lair |   5126 |   5042 |     84 |    948 |   2609 |   4 | 1281.5 |
         Sewer |    338 |    338 |      0 |      0 |    215 |   1 |  338.0 |
       Ossuary |    528 |    528 |      0 |      0 |     63 |   1 |  528.0 |
        Bailey |    684 |    684 |      0 |    276 |     99 |   1 |  684.0 |
               +--------+--------+--------+--------+--------+-----+--------+

Top non-repeatable levels by time:
  Lair:2: 1692 daAuts
  Lair:4: 1206 daAuts
  Lair:3: 1164 daAuts
    D:10: 1118 daAuts
     D:4: 1115 daAuts
     D:5: 1090 daAuts
     D:9: 1072 daAuts
  Lair:1: 1063 daAuts
     D:8: 1009 daAuts
     D:6: 1005 daAuts
     D:2: 934 daAuts
     D:1: 827 daAuts
     D:7: 768 daAuts
  Bailey: 684 daAuts
     D:3: 604 daAuts
